Map: Lightshade LE

Players

Rob

  • Race: Protoss Protoss

PiLiPiLi - Winner!

  • Race: Protoss Protoss

Event: DreamHack SC2 Masters 2021 Fall

VOD

Have the link to the VOD?

Description

Time

  • Played on: Aug. 4, 2021, 5:13 p.m.
  • Length: 6:35

All games in this series

Show
View Real Time Build Order
Export as new Build Order

Rob Protoss 

Build Orders:  

Get SALT Encoding   

  12  0:00  Probe  
  13  0:12  Probe  
  14  0:18  Pylon  
  14  0:25  Probe (Chrono Boost)  
  15  0:37  Probe (Chrono Boost)  
  15  0:38  Gateway  
  16  0:44  Probe (Chrono Boost)  
  16  0:47  Assimilator  
  17  0:52  Probe  
  17  0:55  Assimilator  
  18  1:04  Probe (Chrono Boost)  
  19  1:07  Gateway  
  19  1:16  Probe (Chrono Boost)  
  20  1:21  Probe (Chrono Boost)  
  20  1:25  Cybernetics Core  
  21  1:30  Probe  
  22  1:42  Probe  
  22  1:46  Pylon  
  23  2:00  Warp Gate (Chrono Boost)  
  23  2:04  Stalker x2  
  28  2:15  Gateway  
  27  2:34  Pylon, Stalker x2  
  30  2:56  Probe  
  31  3:03  Shield Battery  
  31  3:04  Stalker  
  33  3:15  Stalker  
  35  3:22  Probe  
  36  3:36  Pylon  
  36  3:37  Stalker  
  36  3:55  Adept  
  36  3:56  Adept  
  36  3:58  Twilight Council  
  40  4:10  Nexus  
  40  4:12  Sentry  
  42  4:31  Stalker  
  42  4:38  Blink (Chrono Boost)  
  39  4:47  Stalker x2  
  39  4:50  Probe  
  44  5:00  Shield Battery  
  44  5:01  Sentry  
  44  5:03  Probe  
  47  5:20  Pylon  
  47  5:21  Pylon  
  45  5:38  Stalker x2  
  41  6:02  Sentry  
  41  6:03  Stalker  
  31  6:30  Gateway  
Show
View Real Time Build Order
Export as new Build Order

PiLiPiLi Protoss - Winner!

Build Orders:  

Get SALT Encoding   

  12  0:02  Probe  
  13  0:14  Probe  
  14  0:17  Pylon  
  14  0:26  Probe (Chrono Boost)  
  15  0:36  Gateway  
  15  0:38  Probe (Chrono Boost)  
  16  0:45  Probe (Chrono Boost)  
  16  0:47  Assimilator  
  17  0:52  Probe  
  18  1:00  Assimilator  
  18  1:04  Probe (Chrono Boost)  
  18  1:09  Gateway  
  19  1:16  Probe (Chrono Boost)  
  20  1:23  Probe (Chrono Boost)  
  21  1:26  Cybernetics Core  
  21  1:31  Probe  
  22  1:35  Pylon  
  22  1:43  Probe  
  23  1:56  Probe  
  24  2:01  Warp Gate (Chrono Boost)  
  24  2:03  Adept x2  
  28  2:10  Robotics Facility  
  28  2:17  Pylon  
  29  2:33  Stalker  
  29  2:35  Stalker  
  32  2:39  Shield Battery  
  31  2:50  Gateway  
  31  3:01  Warp Prism (Chrono Boost)  
  31  3:18  Shield Battery  
  29  3:30  Immortal  
  33  3:42  Sentry  
  33  3:43  Stalker  
  37  3:57  Pylon  
  37  4:04  Sentry  
  37  4:06  Pylon  
  39  4:16  Observer  
  40  4:19  Adept x2  
  39  4:47  Stalker x3  
  45  5:02  Pylon  
  45  5:23  Stalker x3  
  51  5:38  Warp Prism  
  53  5:48  Stalker x2  
  43  6:20  Stalker x2  
  43  6:22  Zealot  

Tags
 
Add a new tag
Caveats
  • Supply blocks, unpowered buildings, or Contaminate may cause inaccurate times.
  • Supply counts are checked every 10 seconds.